 Dungeon Crawl Stone Soup version 0.29-a0-911-g88e6f02907 (webtiles) character file.

Game seed: 14547545107255228132

5056 mathmaestro the Merchant of Misery (level 10, -2/79 HPs)
             Began as a Demonspawn Necromancer on July 25, 2022.
             Was a Believer of Kikubaaqudgha.
             Killed from afar by Erica (28 damage)
             ... with a bolt of poison
             ... on level 9 of the Dungeon.
             The game lasted 00:32:54 (11339 turns).

mathmaestro the Merchant of Misery (DsNe)          Turns: 11339, Time: 00:32:55

Health: -2/79      AC: 18    Str:  9    XL:     10   Next: 31%
Magic:  20/29      EV: 11    Int: 20    God:    Kikubaaqudgha [**....]
Gold:   291        SH:  7    Dex: 14    Spells: 8/23 levels left

rFire   . . .      SeeInvis .   u - +2 dagger (venom)
rCold   . . .      Faith    .   B - +2 buckler
rNeg    . . .      Spirit   .   k - +0 leather armour
rPois   .          Reflect  .   j - +0 helmet
rElec   .          Harm     .   A - +0 cloak
rCorr   .          Rampage  .   (no gloves)
Will    .....                   (no boots)
Stlth   ++........              (no amulet)
HPRegen 2.23/turn               n - ring of magical power
MPRegen 0.21/turn               G - +4 ring of slaying

@: lethally poisoned (-2 -> -9), sanguine armoured, animating dead
A: claws 1, powered by death 1, sanguine armour 3
a: Renounce Religion, Unearth Wretches


You were on level 9 of the Dungeon.
You worshipped Kikubaaqudgha.
Kikubaaqudgha was pleased with you.
You visited 2 branches of the dungeon, and saw 10 of its levels.

You collected 351 gold pieces.
You spent 60 gold pieces at shops.

Inventory:

Hand Weapons
 u - a +2 dagger of venom (weapon)
 v - a +4 dagger
Armour
 j - a +0 helmet (worn)
 k - a +0 leather armour (worn)
 A - a +0 cloak (worn)
 B - a +2 buckler (worn)
Magical Staves
 a - a staff of earth
Jewellery
 n - a ring of magical power (left claw)
 y - a ring of protection from cold
 G - a +4 ring of slaying (right claw)
Wands
 p - a wand of flame (6)
 r - a wand of iceblast (7)
 C - a wand of paralysis (4)
 D - a wand of quicksilver (8)
Scrolls
 d - 4 scrolls of magic mapping
 e - 3 scrolls of identify
 g - 4 scrolls of enchant armour
 o - 2 scrolls of amnesia
 s - 2 scrolls of torment
 t - 2 scrolls of enchant weapon
 z - a scroll of blinking
 H - 2 scrolls of teleportation
Potions
 b - 4 potions of magic
 c - a potion of invisibility
 f - a potion of flight {unknown}
 h - a potion of ambrosia {unknown}
 i - a potion of berserk rage {unknown}
 l - a potion of cancellation {unknown}
 m - a potion of attraction {unknown}
 w - 2 potions of lignification {unknown}
 x - 3 potions of mutation {unknown}


   Skills:
 + Level 7.6 Fighting
 - Level 5.0 Armour
 - Level 2.0 Dodging
 - Level 2.0 Stealth
 + Level 4.3 Shields
 + Level 7.3 Spellcasting
 + Level 9.5 Necromancy


You had 8 spell levels left.
You knew the following spells:

 Your Spells              Type           Power      Damage    Failure   Level
a - Necrotise             Necr           100%       1d9       1%          1
b - Vampiric Draining     Necr           45%        2d9       1%          3
c - Animate Dead          Necr           45%        N/A       3%          4
d - Agony                 Necr           45%        N/A       9%          5
e - Sublimation of Blood  Necr           45%        N/A       1%          2

Your spell library contained the following spells:

 Spells                   Type           Power      Damage    Failure   Level
 Slow                     Hex            28%        N/A       16%         1
 Static Discharge         Conj/Air       7%         3-4/arc   24%         2
 Confusing Touch          Hex            7%         N/A       43%         3
 Ozocubu's Armour         Ice            7%         N/A       43%         3
 Summon Lightning Spire   Summ/Air       7%         N/A       85%         4
 Simulacrum               Ice/Necr       13%        N/A       98%         6
 Lightning Bolt           Conj/Air       3%         1d15      99%         5
 Metabolic Englaciation   Hex/Ice        3%         N/A       99%         5
 Haunt                    Necr/Summ      13%        N/A       100%        7
 Storm Form               Tmut/Air       3%         N/A       100%        7
 Infestation              Necr           22%        N/A       100%        8
 Maxwell's Capacitive Co  Air            3%         ∞         100%        8


Dungeon Overview and Level Annotations

Branches:
Dungeon (9/15)             Temple (1/1) D:7
   Lair: D:8-11         Orc: D:9-12

Altars:
Ashenzari
Cheibriados
Dithmenos
Fedhas
Gozag
Hepliaklqana
Kikubaaqudgha
Makhleb
Nemelex Xobeh
Okawaru
Qazlal
Ru
Sif Muna
Trog
Uskayaw
Vehumet
Wu Jian
Xom
Yredelemnul

Shops:
D:4 =![   D:7 (   D:8 =

Annotations:
D:5 3 runed translucent doors, kevlar127's ghost, novice TrBe
D:7 3 runed translucent doors, kevlar127's ghost, novice TrBe
D:9 Erica


Innate Abilities, Weirdness & Mutations

You have sharp fingernails.
You regenerate a little health from kills.
When seriously injured, your blood forms very thick armour. (AC +12)


Message History

You feel sick. The killer bee barely misses you.
You block the killer bee's attack.
Your killer bee zombie hits the killer bee.
The killer bee completely misses your killer bee zombie.
The killer bee stings you but does no damage.
Your killer bee zombie hits the killer bee!
The killer bee dies!
Kikubaaqudgha accepts your kill.
You hear some strange, mumbled words.
A bolt of poison appears from out of thin air!
The bolt of poison hits you!
You are more poisoned.
Casting: Animate Dead (dangerous; 3% risk of failure)
Confirm with . or Enter, or press ? or * to list all spells.
Aiming: Vampiric Draining (safe; 1% risk of failure)
Press: ? - help, Shift-Dir - straight line, f - killer bee
Aim: a killer bee You draw life force from the killer bee!
You feel life coursing into your body.
You feel very sick. The killer bee closely misses you.
The killer bee barely misses you. Something hits you. Something burns you.
Your killer bee zombie barely misses the killer bee.
Unknown command.
Casting: Vampiric Draining (safe; 1% risk of failure)
Confirm with . or Enter, or press ? or * to list all spells.
Aiming: Vampiric Draining (safe; 1% risk of failure)
Press: ? - help, Shift-Dir - straight line, f/p - killer bee
Aim: a killer bee (severely wounded, ally target)
You draw life force from the killer bee!
You kill the killer bee!
Kikubaaqudgha accepts your kill.
You feel life coursing into your body.
The dead are flying!
You feel very sick.
You hear some strange, mumbled words.
A bolt of poison appears from out of thin air!
The bolt of poison hits you!!
You are more poisoned.
You die...
Kikubaaqudgha rasps: "You have failed me!
Welcome... death!"

#.......# #.......#
#....#..# #.......#
#.#.....# #.....#.#
#############'##....#
...............{.Z..#
...............#@#..#
################.ZZ.#
....................#
....#..#....###..##.#
....................#
#####################


You could see 3 friendly killer bee zombies.

Vanquished Creatures
  Joseph (D:8)
  3 hornets (D:8)
  Grinder (D:3)
  Sigmund (D:2)
  A wyvern (D:8)
  A wraith (D:8)
  Duvessa (D:4)
  2 water moccasins
  3 orc warriors
  2 sky beasts (D:7)
  3 ogres
  2 black bears
  A centaur (D:6)
  3 phantoms
  A kobold brigand (D:7)
  4 bullfrogs
  2 scorpions (D:6)
  2 necrophages
  4 wights (D:8)
  Dowan (D:4)
  2 killer bees (D:9)
  8 howler monkeys
  3 jellies
  5 hounds
  2 orc priests
  2 iguanas
  Crazy Yiuf (D:6)
  Jessica (D:2)
  Natasha (twice) (D:3)
  2 orc wizards
  Robin (D:2)
  6 adders
  A shadow imp (D:5)
  A white imp (D:8)
  2 ufetubi (D:6)
  A dart slug (D:3)
  22 orcs
  5 ball pythons
  3 endoplasms
  2 giant cockroaches (D:4)
  11 goblins
  10 hobgoblins
  2 jackals (D:4)
  15 kobolds
  5 quokkas
  4 bats
  A frilled lizard (D:1)
  4 rats
163 creatures vanquished.

Vanquished Creatures (collateral kills)
  A killer bee (D:9)
  An iguana (D:6)
  A worm (D:4)
  2 orcs (D:7)
  2 ball pythons (D:4)
  A goblin (D:1)
  A frilled lizard (D:1)
  2 rats (D:1)
  2 butterflies (D:7)
13 creatures vanquished.

Vanquished Creatures (others)
  A shadow imp (D:6)
  4 kobold zombies (D:7)
  2 orc zombies (D:7)
  5 plants (D:2)
  11 withered plants (D:2)
23 creatures vanquished.

Grand Total: 199 creatures vanquished

Notes
Turn   | Place    | Note
-------+----------+-------------------------------------------
     0 | D:1      | mathmaestro the Demonspawn Necromancer began the quest for
                  | the Orb.
     0 | D:1      | Reached XP level 1. HP: 13/13 MP: 3/3
   109 | D:1      | Gained mutation: When seriously injured, your blood forms
                  | armour. (AC +12) [demonic ancestry]
   109 | D:1      | Reached XP level 2. HP: 3/20 MP: 0/5
   547 | D:1      | Reached skill level 1 in Fighting
   742 | D:1      | Reached XP level 3. HP: 25/26 MP: 3/6
   746 | D:1      | Learned a level 3 spell: Vampiric Draining
  1107 | D:2      | Noticed Jessica
  1113 | D:2      | Killed Jessica
  1157 | D:2      | Noticed Sigmund
  1603 | D:2      | Found a faded altar of an unknown god.
  1724 | D:2      | Gained mutation: You regenerate a little health from kills.
                  | [demonic ancestry]
  1724 | D:2      | Reached XP level 4. HP: 32/32 MP: 4/7
  1725 | D:2      | Noticed Robin
  1911 | D:2      | Learned a level 4 spell: Animate Dead
  2025 | D:2      | Killed Sigmund
  2026 | D:2      | Reached skill level 1 in Armour
  2026 | D:2      | Reached skill level 5 in Necromancy
  2026 | D:2      | Reached XP level 5. HP: 18/39 MP: 0/9
  2507 | D:3      | Found a radiant altar of Vehumet.
  2618 | D:3      | Found an iron altar of Okawaru.
  2743 | D:3      | Noticed Grinder
  2795 | D:2      | Killed Robin
  2883 | D:3      | Noticed Natasha
  2889 | D:3      | Killed Natasha
  2890 | D:3      | Reached XP level 6. HP: 34/46 MP: 11/11
  3151 | D:4      | Found Tooleed's Distillery.
  3171 | D:4      | Bought 2 potions of degeneration for 24 gold pieces
  3171 | D:4      | Bought a potion of curing for 36 gold pieces
  3263 | D:4      | Found Plog's Antique Armour Shoppe.
  3265 | D:4      | Identified the +2 leather armour of Xirib {rN++ Str-4}
  3278 | D:4      | Noticed Dowan
  3279 | D:4      | Noticed Duvessa
  3522 | D:4      | Found an ancient bone altar of Kikubaaqudgha.
  3529 | D:4      | Became a worshipper of Kikubaaqudgha
  3547 | D:3      | Noticed Natasha
  3555 | D:3      | Killed Natasha
  3827 | D:3      | Killed Grinder
  3828 | D:3      | Reached skill level 6 in Necromancy
  3828 | D:3      | Gained mutation: You have sharp fingernails. [demonic
                  | ancestry]
  3828 | D:3      | Reached XP level 7. HP: 50/53 MP: 13/13
  4252 | D:4      | Killed Duvessa
  4274 | D:4      | Killed Dowan
  4790 | D:4      | Identified the +7 broad axe of Fimbulwinter {drain, rC- rN+
                  | Will- Str+9}
  4791 | D:4      | Found Atze's Jewellery Boutique.
  4893 | D:5      | Entered Level 5 of the Dungeon
  4897 | D:5      | Gained mutation: When seriously injured, your blood forms
                  | thick armour. (AC +12) [demonic ancestry]
  4897 | D:5      | Reached XP level 8. HP: 56/61 MP: 14/14
  5154 | D:5      | Found a runed translucent gate.
  5154 | D:5      | Found a runed translucent gate.
  5154 | D:5      | Found a runed translucent gate.
  5239 | D:5      | Noticed kevlar127's ghost (novice TrBe)
  5271 | D:5      | Reached skill level 7 in Necromancy
  5388 | D:5      | Learned a level 5 spell: Agony
  5501 | D:5      | Found a shimmering altar of Xom.
  5511 | D:5      | Found a shadowy altar of Dithmenos.
  5511 | D:5      | Found a broken altar of Ashenzari.
  5511 | D:5      | Found a stormy altar of Qazlal.
  6087 | D:6      | Reached skill level 5 in Spellcasting
  6098 | D:6      | Reached skill level 5 in Fighting
  6388 | D:6      | Reached * piety under Kikubaaqudgha
  6388 | D:6      | Received a gift from Kikubaaqudgha
  6392 | D:6      | Learned a level 2 spell: Sublimation of Blood
  6801 | D:6      | Found a runed translucent door.
  6803 | D:6      | Noticed Crazy Yiuf
  6809 | D:6      | Killed Crazy Yiuf
  7183 | D:6      | Reached skill level 5 in Armour
  7183 | D:6      | Gained mutation: When seriously injured, your blood forms
                  | very thick armour. (AC +12) [demonic ancestry]
  7183 | D:6      | Reached XP level 9. HP: 69/69 MP: 17/17
  7391 | D:7      | Reached skill level 1 in Shields
  7391 | D:7      | Reached skill level 8 in Necromancy
  7472 | D:7      | HP: 3/69 [orc warrior/+0 battleaxe (4)]
  7765 | D:7      | Found Natoelac's Weapon Boutique.
  8213 | D:7      | Found a staircase to the Ecumenical Temple.
  8222 | Temple   | Entered the Ecumenical Temple
  8435 | D:7      | Found a runed translucent gate.
  8435 | D:7      | Found a runed translucent gate.
  8436 | D:7      | Noticed a kobold demonologist
  8437 | D:7      | Found a runed translucent gate.
  8437 | D:7      | Noticed kevlar127's ghost (novice TrBe)
  8529 | D:7      | Reached ** piety under Kikubaaqudgha
  8985 | D:8      | Noticed Joseph
  9011 | D:8      | Killed Joseph
  9072 | D:8      | Reached skill level 9 in Necromancy
  9414 | D:8      | Reached XP level 10. HP: 44/75 MP: 19/20
  9909 | D:8      | Paralysed by a hornet for 1 turns
 10268 | D:8      | Paralysed by a hornet for 3 turns
 10537 | D:8      | Found Lunwycyu's Jewellery Shoppe.
 11328 | D:9      | Noticed Erica
 11339 | D:9      | Killed from afar by Erica

Illustrated notes

Levels and vault maps discovered:
D:1:      minmay_arrival_radiant_lines, layout_basic, minmay_tetromino_o4
D:2:      layout_loops_ring, shapermc_ecumenical_altar_flowoftime, uniq_robin,
          uniq_jessica, uniq_sigmund
D:3:      layout_loops_ring, okawaru_gym_becter, vehumet_crystals, uniq_natasha,
          uniq_grinder
D:4:      layout_rooms, kiku_gazebo_pond_becter, serial_shops,
          nicolae_shop_hallway_plus, nicolae_stop_n_shop_2,
          kennysheep_mini_moat, uniq_duvessa
D:5:      layout_loops_ring, grunt_temple_overflow_open, gammafunk_ghost_icy
D:6:      layout_basic, tso_metal_star, uniq_crazy_yiuf_cottage
D:7:      layout_rooms, minmay_temple_entry_butterflies, serial_shops,
          kennysheep_mini, gammafunk_ghost_nasty_kobolds
D:8:      layout_basic, serial_shops, shop, uniq_joseph
D:9:      layout_stronghold, uniq_erica
Temple:   eino_narrow_crystal_temple

Skill      XL: |  1  2  3  4  5  6  7  8  9 10 |
---------------+-------------------------------+-----
Stealth        | 2 |  2.0
Dodging        | 2 |  2.0
Fighting       | 1 2 3 4 5 7 |  7.6
Armour         | 1 2 3 5 |  5.0
Spellcasting   | 3 4 5 6 7 |  7.3
Necromancy     | 5 6 7 9 |  9.5
Shields        | 3 4 |  4.3

Action                   |  1- 3 |  4- 6 |  7- 9 | 10-12 || total
-------------------------+-------+-------+-------+-------++-------
Melee: Dagger            |    26 |    35 |   313 |    82 ||   456
       Punch             |       |       |     1 |       ||     1
 Cast: Necrotise         |    54 |    51 |   101 |    15 ||   221
       Vampiric Draining |       |     5 |    57 |     7 ||    69
       Animate Dead      |       |       |     2 |     1 ||     3
Evoke: Wand              |       |     6 |     4 |     6 ||    16
  Use: Scroll            |       |     8 |     7 |     3 ||    18
       Potion            |       |     1 |     5 |     1 ||     7
 Stab: Distracted        |     1 |       |     1 |       ||     2
       Sleeping          |     1 |     1 |     1 |       ||     3
Armor: Robe              |    17 |       |       |       ||    17
       Leather armour    |     4 |    15 |   143 |    31 ||   193
Dodge: Dodged            |    57 |    27 |   236 |    36 ||   356
Block: Buckler           |       |       |    60 |    39 ||    99

Table legend: (Time is in decaauts)
 A = Elapsed time spent in this place.
 B = Non-inter-level travel time spent in this place.
 C = Inter-level travel time spent in this place.
 D = Time resting spent in this place.
 E = Time spent auto-exploring this place.
 F = Levels seen in this place.
 G = Mean time per level.
                   A        B        C        D        E       F      G
               +--------+--------+--------+--------+--------+-----+--------+
         Total |  11383 |  10940 |    443 |   3308 |   5656 |  10 | 1138.3 |
       Dungeon |  11197 |  10767 |    430 |   3308 |   5491 |   9 | 1244.1 |
        Temple |    185 |    172 |     13 |      0 |    165 |   1 |  185.0 |
               +--------+--------+--------+--------+--------+-----+--------+

Top non-repeatable levels by time:
     D:8: 2378 daAuts
     D:6: 1605 daAuts
     D:1: 1521 daAuts
     D:3: 1203 daAuts
     D:5: 1133 daAuts
     D:4: 1132 daAuts
     D:2: 1042 daAuts
     D:7: 992 daAuts
     D:9: 188 daAuts
  Temple: 185 daAuts
